 Dungeon Crawl Stone Soup version 0.18-a0-1788-g92de1ac (webtiles) character file.

154 Mefis the Magician (level 5, -1/36 HPs)
             Began as a Human Wizard on Apr 19, 2016.
             Was a Follower of Cheibriados.
             Slain by Blork the orc
             ... wielding a +0 glaive
              (3 damage)
             ... on level 4 of the Dungeon.
             The game lasted 00:41:37 (3927 turns).

Mefis the Magician (Human Wizard)                   Turns: 3927, Time: 00:41:38

Health: -1/36      AC:  5    Str: 14      XL:     5   Next: 62%
Magic:  3/11       EV: 13    Int: 25 (27) God:    Cheibriados [*.....]
Gold:   94         SH:  0    Dex: 13      Spells: 5 memorised, 2 levels left

rFire  x . .     SeeInvis .     r - -3 hunting sling (curse)
rCold  + . .     Gourm    .     y - +1 robe
rNeg   . . .     Faith    .     (no shield)
rPois  .         Spirit   .     b - +0 hat
rElec  .         Dismiss  .     (no cloak)
rCorr  .         Reflect  .     o - +0 pair of gloves
SustAt .         Harm     .     u - +0 pair of boots
MR     .....                    (no amulet)
Stlth  ++........               (no ring)
                                v - ring of ice

@: mighty, brilliant, repel missiles, very slow, not resistant to hostile
enchantments, unstealthy
A: no striking features
a: Bend Time, Renounce Religion


You were on level 4 of the Dungeon.
You worshipped Cheibriados.
Cheibriados was aware of your devotion.
You were not hungry.

You visited 1 branch of the dungeon, and saw 4 of its levels.

You collected 94 gold pieces.

Inventory:

Hand Weapons
 j - a +0 falchion
 l - a +1 dagger of holy wrath
 n - a +0 dagger
 p - a +0 whip
 r - a cursed -3 hunting sling (weapon)
 s - a +0 short sword
Missiles
 h - 155 stones
 m - 40 arrows
 t - 18 sling bullets (quivered)
 w - 4 poisoned needles
 E - 3 needles of sleeping
Armour
 b - a +0 hat (worn)
 k - a +2 leather armour of magic resistance
 o - a +0 pair of gloves (worn)
 u - a +0 pair of boots (worn)
 y - a +1 robe (worn)
Jewellery
 v - a ring of ice (left hand)
Wands
 D - a wand of random effects (42/48)
Scrolls
 i - 2 scrolls of enchant weapon
Potions
 x - a potion of degeneration
 A - a potion of resistance {unknown}
 G - a potion of haste {unknown}
Books
 c - a book of Minor Magic

   Spells                             Type                      Level
   a - Magic Dart                     Conjuration                  1
   b - Blink                          Translocation                2
   c - Call Imp                       Summoning                    2
   d - Repel Missiles                 Charms/Air                   2
   e - Slow                           Hexes                        2
   f - Conjure Flame                  Conjuration/Fire             3
   g - Mephitic Cloud                 Conjuration/Poison/Air       3
Comestibles
 d - a royal jelly
 g - 2 meat rations
 q - 2 beef jerkies
 F - 2 fruits


   Skills:
 + Level 0.6 Fighting
 + Level 0.2 Short Blades
 + Level 1.1 Slings
 + Level 0.2 Armour
 + Level 3.2 Dodging
 + Level 2.4 Stealth
 + Level 4.0 Spellcasting
 + Level 1.6 Conjurations
 + Level 1.4 Summonings
 + Level 1.1 Translocations
 + Level 0.2 Air Magic


You had 2 spell levels left.
You knew the following spells:

 Your Spells              Type           Power        Failure   Level  Hunger
a - Magic Dart            Conj           ####         1%          1    None
b - Call Imp              Summ           ####....     1%          2    None
c - Blink                 Tloc           N/A          1%          2    None
d - Repel Missiles        Chrm/Air       ###...       1%          2    None
e - Mephitic Cloud        Conj/Pois/Air  ###.....     2%          3    ##.....


Dungeon Overview and Level Annotations

Branches:
Dungeon (4/15)
 Temple: D:4-7

Altars:
Cheibriados
Fedhas
Pakellas
Ru
Xom

Annotations:
D:4 Blork the orc


Message History

Drink which item? (? for menu, Esc to quit)
You feel better.
Your crimson imp hits Blork the orc but does no damage.
Drink which item? (? for menu, Esc to quit)
It was a potion of might.
You feel very mighty all of a sudden.
Blork the orc hits you from afar with a glaive. x2
* * * LOW HITPOINT WARNING * * *
Your crimson imp disappears in a puff of smoke!
Blork the orc hits you from afar with a glaive!
* * * LOW HITPOINT WARNING * * *
Blork the orc mumbles some strange words.
Blork the orc flickers and vanishes!
Deactivating autopickup; reactivate with Ctrl-A.
Autopickup is now on.
Drink which item? (? for menu, Esc to quit)
It was a potion of brilliance.
You feel clever all of a sudden. Something hits you.
You die...

#
.#.#(########################
.....(((ยง...................>
?(....(...{.........<########
##...#######@######### ....
#.# ### #.# #.# #.# #.# #.#
#.#


There were no monsters in sight!

Vanquished Creatures
  4 adders
  An ooze (D:2)
  A worm (D:2)
  2 dart slugs
  3 giant geckos (D:3)
  4 giant cockroaches
  6 goblins (D:1)
  2 hobgoblins
  4 jackals
  A quokka (D:3)
  A ball python (D:3)
  8 bats
  6 giant newts
  8 kobolds
  7 rats
58 creatures vanquished.

Vanquished Creatures (collateral kills)
  Terence (D:2)
  An orc wizard (D:1)
  2 adders (D:2)
  3 orcs (D:1)
  A goblin (D:2)
  2 hobgoblins (D:1)
10 creatures vanquished.

Grand Total: 68 creatures vanquished

Notes
Turn   | Place    | Note
--------------------------------------------------------------
     0 | D:1      | Mefis the Human Wizard began the quest for the Orb.
     0 | D:1      | Reached XP level 1. HP: 13/13 MP: 4/4
   242 | D:1      | Reached XP level 2. HP: 14/19 MP: 6/6
   250 | D:1      | Learned a level 2 spell: Call Imp
   253 | D:1      | Learned a level 2 spell: Blink
   256 | D:1      | Learned a level 2 spell: Repel Missiles
  1019 | D:1      | Reached XP level 3. HP: 24/24 MP: 1/7
  1419 | D:1      | Reached XP level 4. HP: 18/31 MP: 0/9
  1660 | D:2      | Noticed Terence
  1698 | D:2      | Killed Terence
  1879 | D:2      | Found a blossoming altar of Fedhas.
  2171 | D:2      | Reached XP level 5. HP: 30/36 MP: 2/10
  2201 | D:2      | Found a snail-covered altar of Cheibriados.
  2221 | D:2      | Became a worshipper of Cheibriados the Contemplative
  2790 | D:2      | You fall through a shaft!
  2824 | D:3      | Learned a level 3 spell: Mephitic Cloud
  2894 | D:3      | Found a shimmering altar of Xom.
  3026 | D:3      | Reached skill level 4 in Spellcasting
  3203 | D:3      | Reached * piety under Cheibriados
  3529 | D:3      | Reached skill level 1 in Slings
  3564 | D:3      | Found an oddly glowing altar of Pakellas.
  3564 | D:3      | Found a sacrificial altar of Ru.
  3899 | D:4      | Noticed Blork the orc
  3926 | D:4      | HP: 1/36 [Blork the orc/glaive (7)]
  3927 | D:4      | Slain by Blork the orc

Vault maps used:
D:1:      dpeg_arrival_morbid_curiosity
D:2:      cheibriados_altar_1, lemuel_crystal_altar, uniq_terence
D:3:      xom_butterflies, gammafunk_temple_overflow_statue
D:4:      nicolae_gozag_seed_capital, first_bread, uniq_blork_the_orc

Skill      XL: |  1  2  3  4  5 |
---------------+----------------+-----
Dodging        | 3 |  3.2
Spellcasting   | 4 |  4.0
Slings         | 1 |  1.1
Fighting       | |  0.6
Short Blades   | |  0.2
Armour         | |  0.2
Stealth        | |  2.4
Conjurations   | |  1.6
Summonings     | |  1.4
Translocations | |  1.1
Air Magic      | |  0.2

Action                   |  1- 3 |  4- 6 || total
-------------------------+-------+-------++-------
Melee: Dagger            |    31 |       ||    31
       Unarmed           |     7 |       ||     7
       Short sword       |    32 |     5 ||    37
       Hunting sling     |       |     1 ||     1
 Fire: Hunting sling     |       |    92 ||    92
Throw: Stone             |     2 |       ||     2
 Cast: Magic Dart        |    46 |    67 ||   113
       Repel Missiles    |     3 |       ||     3
       Call Imp          |     5 |    10 ||    15
       Blink             |       |     2 ||     2
Invok: Bend Time         |       |     1 ||     1
  Use: Scroll            |     4 |     3 ||     7
       Potion            |     2 |     5 ||     7
 Stab: Sleeping          |     3 |       ||     3
  Eat: Chunk             |     2 |     3 ||     5
       Bread ration      |       |     1 ||     1
Armor: Robe              |    22 |    13 ||    35
Dodge: Dodged            |    78 |    58 ||   136
       Deflected         |     5 |       ||     5
